 Dungeon Crawl Stone Soup version 0.21.1-1-g345015f (webtiles) character file.

26 gnarr the Magician (level 3, -1/25 HPs)
             Began as a Gnoll Wanderer on July 4, 2018.
             Slain by a jackal (2 damage)
             ... on level 2 of the Dungeon.
             The game lasted 00:03:47 (1091 turns).

gnarr the Magician (Gnoll Wanderer)                 Turns: 1091, Time: 00:03:48

Health: -1/25      AC:  2    Str: 16    XL:     3   Next: 8%
Magic:  9/9        EV: 14    Int: 13    God:
Gold:   37         SH:  0    Dex: 14    Spells: 11/12 levels left

rFire    . . .     SeeInvis .   l - +2 dagger (speed)
rCold    . . .     Gourm    .   (no shield)
rNeg     . . .     Faith    .   d - +0 robe
rPois    .         Spirit   .   (no helmet)
rElec    .         Reflect  .   (no cloak)
rCorr    .         Harm     .   (no gloves)
MR       .....                  (no boots)
Stlth    +++.......             (no amulet)
HPRegen  0.08/turn              (no ring)
MPRegen  0.11/turn              (no ring)

@: very slightly contaminated, invisible
A: distributed training, fangs 1, strong nose
a: no special abilities


You were on level 2 of the Dungeon.
You were hungry.

You visited 1 branch of the dungeon, and saw 2 of its levels.

You collected 37 gold pieces.

Inventory:

Hand Weapons
 a - a +2 spear
 b - a +0 short sword
 e - a +0 dagger
 h - a +0 whip
 l - a +2 dagger of speed (weapon)
Missiles
 g - 8 tomahawks (quivered)
Armour
 d - a +0 robe (worn)
Scrolls
 k - a scroll of amnesia {unknown}
Books
 c - Sif Muna's Guide on Creation

   Spells                             Type                      Level
   a - Summon Butterflies             Summoning                    1
   b - Call Canine Familiar           Summoning                    3
Comestibles
 f - a ration


   Skills:
 + Level 0.6 Fighting
 + Level 0.6 Short Blades
 + Level 0.6 Long Blades
 + Level 0.6 Axes
 + Level 0.6 Maces & Flails
 + Level 2.5 Polearms
 + Level 0.6 Staves
 + Level 0.6 Slings
 + Level 0.6 Bows
 + Level 0.6 Crossbows
 + Level 4.5 Throwing
 + Level 0.6 Armour
 + Level 4.5 Dodging
 + Level 4.1 Stealth
 + Level 0.6 Shields
 + Level 0.6 Unarmed Combat
 + Level 5.0 Spellcasting
 + Level 0.4 Conjurations
 + Level 0.4 Hexes
 + Level 0.4 Charms
 + Level 2.1 Summonings
 + Level 0.4 Necromancy
 + Level 0.4 Translocations
 + Level 0.4 Transmutations
 + Level 0.4 Fire Magic
 + Level 0.4 Ice Magic
 + Level 0.4 Air Magic
 + Level 0.4 Earth Magic
 + Level 0.4 Poison Magic
 + Level 0.8 Invocations
 + Level 0.6 Evocations


You had 11 spell levels left.
You knew the following spells:

 Your Spells              Type           Power        Failure   Level  Hunger
a - Summon Butterflies    Summ           #.......     8%          1    None


Dungeon Overview and Level Annotations

Branches:
Dungeon (2/15)

Altars:


Innate Abilities, Weirdness & Mutations

Your experience applies equally to all skills.
You have very sharp teeth.
Your uncanny sense of smell can sniff out nearby items.


Message History

The jackal barely misses you. The jackal bites you.
* * * LOW HITPOINT WARNING * * *
The jackal barely misses you. The jackal completely misses you.
You barely miss the jackal.
The jackal is almost dead.
The jackal closely misses you. The jackal bites you.
* * * LOW HITPOINT WARNING * * *
The jackal bites you.
* * * LOW HITPOINT WARNING * * *
The jackal bites you.
* * * LOW HITPOINT WARNING * * *
It was a potion of invisibility.
You fade into invisibility!
The jackal closely misses you. The jackal misses you. x2
The jackal closely misses you.
You are very lightly contaminated with residual magic.
As you read the scroll labeled DACETTI ATAR, it crumbles to dust.
The creatures around you are filled with an inner flame!
It was a scroll of immolation.
The jackal bites you.
You die...

.........<..).......
.................###
................##
................#
..........#.....#
.#.....†.......#
..........#.....#
..........#hh...#
.......####@h...#
....... #h....#
#...##. ......# 8...
#. .......# #.. #.
...###### .... .....
#.....


You could see 4 jackals.

Vanquished Creatures
  A dart slug (D:2)
  3 bats (D:1)
  A giant cockroach (D:1)
  7 goblins
  2 hobgoblins (D:1)
  A ball python (D:1)
  4 kobolds (D:1)
  5 rats (D:1)
24 creatures vanquished.

Notes
Turn   | Place    | Note
-------+----------+-------------------------------------------
     0 | D:1      | gnarr the Gnoll Wanderer began the quest for the Orb.
     0 | D:1      | gnarr set off with: a +2 spear, a +0 short sword, Sif Muna's Guide on Creation, a +0 robe, a +0 dagger, a ration
     0 | D:1      | Reached XP level 1. HP: 13/13 MP: 6/6
    82 | D:1      | Identified Sif Muna's Guide on Creation
    84 | D:1      | Learned a level 1 spell: Summon Butterflies
   100 | D:1      | Reached XP level 2. HP: 2/19 MP: 7/7
  1063 | D:2      | Reached XP level 3. HP: 25/25 MP: 9/9
  1075 | D:2      | Reached skill level 5 in Spellcasting
  1089 | D:2      | HP: 1/25 [jackal (3)]
  1091 | D:2      | Slain by a jackal

Skill      XL: |  1  2  3 |
---------------+----------+-----
Summonings     | 2 |  2.1
Spellcasting   | 5 |  5.0
Fighting       | |  0.6
Short Blades   | |  0.6
Long Blades    | |  0.6
Axes           | |  0.6
Maces & Flails | |  0.6
Polearms       | |  2.5
Staves         | |  0.6
Slings         | |  0.6
Bows           | |  0.6
Crossbows      | |  0.6
Throwing       | |  4.5
Armour         | |  0.6
Dodging        | |  4.5
Stealth        | |  4.1
Shields        | |  0.6
Unarmed Combat | |  0.6
Conjurations   | |  0.4
Hexes          | |  0.4
Charms         | |  0.4
Necromancy     | |  0.4
Translocations | |  0.4
Transmutations | |  0.4
Fire Magic     | |  0.4
Ice Magic      | |  0.4
Air Magic      | |  0.4
Earth Magic    | |  0.4
Poison Magic   | |  0.4
Invocations    | |  0.8
Evocations     | |  0.6

Action                   || total
-------------------------++-------
Melee: Spear             ||    56
       Bite              ||     8
       Dagger            ||    15
  Use: Scroll            ||     1
       Potion            ||     1
 Stab: Sleeping          ||     5
Armor: Robe              ||    22
Dodge: Dodged            ||    72
